[Event "White Rook U14 Final 2019"]
[Site "Sochi"]
[Date "2019.06.07"]
[Round "6.6"]
[White "Komissarova, Soigina"]
[Black "Dyl, Nikita"]
[Result "1/2-1/2"]
[ECO "A24"]
[WhiteElo "1665"]
[BlackElo "1646"]
[Annotator "NA"]
[PlyCount "90"]
[EventDate "2019.06.02"]
[EventCountry "RUS"]
[SourceTitle "playchess.com"]
[Source "ChessBase"]
[SourceQuality "1"]
[TimeControl "5400+30"]

1. c4 d6 2. g3 g6 3. Bg2 Bg7 4. Nc3 Nf6 5. e4 e5 6. Nge2 O-O 7. O-O Ne8 8. d3 h6 9. f4 f5 10. Rb1 a5 11. a3 Nf6 12. h3 Be6 13. exf5 Bxf5 14. Kh2 c6 15. b4 axb4 16. axb4 Nbd7 17. Bb2 Kh7 18. Ra1 Rxa1 19. Bxa1 Qb6 20. b5 Nc5 21. fxe5 dxe5 22. Ne4 Nfxe4 23. dxe4 Bxe4 24. Rxf8 Bxf8 25. Bxe5 Bxg2 26. Kxg2 cxb5 27. Qf1 Qe6 28. Qxf8 Qxe5 29. Qf7+ Qg7 30. Qd5 Qe7 31. Nd4 bxc4 32. Qxc4 h5 33. h4 b6 34. Nf3 Qb7 35. Kf2 Ne4+ 36. Qxe4 Qxe4 37. Ng5+ Kg7 38. Nxe4 Kf7 39. Ke3 Ke6 40. Kf3 Kf5 41. Nc3 g5 42. Nd5 b5 43. Ne3+ Kg6 44. Ke4 gxh4 45. gxh4 b4 1/2-1/2

[Event "White Rook U14 Final 2019"]
[Site "Sochi"]
[Date "2019.06.07"]
[Round "6.7"]
[White "Zaiko, Stanislav"]
[Black "Zhambalov, Bator"]
[Result "1-0"]
[ECO "B22"]
[WhiteElo "1176"]
[BlackElo "1865"]
[Annotator "NA"]
[PlyCount "111"]
[EventDate "2019.06.02"]
[EventCountry "RUS"]
[SourceTitle "playchess.com"]
[Source "ChessBase"]
[SourceQuality "1"]
[TimeControl "5400+30"]

1. e4 c5 2. Nf3 Nc6 3. c3 d5 4. exd5 Qxd5 5. Be2 Nf6 6. O-O {[%emt 0:00:00] B22: Sicilian: 2 c3} Bg4 (6... e5 7. Na3 e4 8. Ne1 Be7 9. d3 O-O 10. dxe4 Qxe4 11. Bf3 Qf5 12. Nc4 {½-½ (25) Savic,M (2522)-Solak,D (2602) Banja Koviljaca 2013}) 7. h3 Bh5 8. Na3 e6 9. Nc2 Be7 10. d4 O-O 11. Be3 cxd4 12. Ncxd4 Nxd4 13. Nxd4 Bxe2 14. Qxe2 Rfd8 15. Rfd1 Qe4 $146 ({Predecessor:} 15... a6 16. c4 Qa5 {1-0 (32) Huellen,R-Siepmann,M Lippstadt 1999}) 16. Qc2 Qxc2 17. Nxc2 Nd5 18. Bd4 Bf6 19. Bxf6 Nxf6 20. Ne3 Kf8 21. Kf1 Ke7 22. Ke2 Nd5 23. Nxd5+ Rxd5 24. Rxd5 exd5 25. Rd1 Rd8 26. Ke3 Ke6 27. Rd4 g6 28. Ra4 a6 29. Rb4 b5 30. g4 g5 31. a4 Rb8 32. Kd4 Kd6 33. b3 Re8 34. f3 Kc6 35. axb5+ axb5 36. c4 dxc4 37. bxc4 bxc4 38. Rxc4+ Kd6 39. Ra4 Re1 40. Ra6+ Ke7 41. Rh6 f6 42. Rxh7+ Ke6 43. h4 gxh4 44. Rxh4 Kf7 45. Rh5 Kg6 46. Rf5 Re8 47. Kd3 Re1 48. Kd2 Re8 49. Ra5 Re6 50. Kd3 Re1 51. Kd2 Re8 52. f4 Re4 53. Rf5 Re8 $11 54. Kd3 Re1 55. Rh5 Re6 56. f5+ 1-0

[Event "White Rook U14 Final 2019"]
[Site "Sochi"]
[Date "2019.06.07"]
[Round "6.8"]
[White "Sargaeva, Darima"]
[Black "Zeliantsova, Kseniya"]
[Result "0-1"]
[ECO "B43"]
[WhiteElo "1506"]
[BlackElo "1892"]
[Annotator "NA"]
[PlyCount "48"]
[EventDate "2019.06.02"]
[EventCountry "RUS"]
[SourceTitle "playchess.com"]
[Source "ChessBase"]
[SourceQuality "1"]
[TimeControl "5400+30"]

1. e4 c5 2. Nf3 e6 3. d4 cxd4 4. Nxd4 a6 5. Bd3 b5 6. Nc3 Qb6 7. Nb3 Qc7 8. O-O Bb7 9. Qe2 Nf6 {[%emt 0:00:00] B43: Sicilian: Kan Variation: 5 Nc3} 10. f4 (10. e5 Nd5 11. Nxd5 Bxd5 12. a4 b4 13. Re1 h6 14. Bf4 Be7 15. Rad1 Bc6 16. Nd4 Bb7 17. Nf5 {1-0 (51) Najer,E (2663)-Ponizil,C (2494) Czech Republic 2019}) 10... d6 11. e5 dxe5 12. fxe5 Nfd7 13. Bf4 Nc6 14. Rae1 b4 $146 ({Predecessor:} 14... Qb6+ 15. Rf2 Be7 16. Qh5 g6 17. Qh6 {½-½ (32) De Waele,W (2025)-Sorcinelli,A (2020) LSS email 2009}) 15. Nd1 g5 16. Bxg5 Rg8 17. Qh5 Ncxe5 {[%emt 0:00:30] [#]} 18. g3 $19 {[%emt 0:00:30] [#]} (18. Rxf7 $1 $18 {[%mdl 512] and all is fine.} Rxg5 {[#]} (18... Nxf7 19. Rxe6+) 19. Rxf8+ $1 (19. Qxg5 Kxf7 20. Qh5+ Ke7 $17) 19... Kxf8 20. Qxg5) 18... Bc5+ $1 ({Stronger than} 18... Qc6 19. Be4 $16) 19. Nxc5 $2 (19. Ne3 Qc6 20. Nxc5 Nxc5 21. Rd1 Nf3+ 22. Qxf3 Qxf3 23. Rxf3 Bxf3 24. Rf1) 19... Qxc5+ 20. Be3 Qd5 21. Re2 Nf6 22. Qh3 Qh1+ 23. Kf2 Nfg4+ 24. Ke1 Nf3# 0-1

[Event "White Rook U14 Final 2019"]
[Site "Sochi"]
[Date "2019.06.07"]
[Round "6.9"]
[White "Sargsyan, Gor K."]
[Black "Kurus, Artem"]
[Result "1-0"]
[ECO "B15"]
[WhiteElo "1641"]
[BlackElo "1769"]
[Annotator "NA"]
[PlyCount "91"]
[EventDate "2019.06.02"]
[EventCountry "RUS"]
[SourceTitle "playchess.com"]
[Source "ChessBase"]
[SourceQuality "1"]
[TimeControl "5400+30"]

1. e4 c6 2. d4 d5 3. Nd2 dxe4 4. Nxe4 Nf6 5. Nxf6+ exf6 6. c3 Bd6 7. Bd3 O-O 8. Ne2 Re8 9. Qc2 h5 10. Be3 Nd7 11. O-O-O Nf8 12. Ng3 g6 13. Bh6 f5 14. Ne2 b5 15. h3 Be7 16. Rdg1 Bg5+ 17. Bxg5 Qxg5+ 18. Kb1 Qf6 19. f3 Re3 20. Nf4 Qg5 21. Ne2 Bd7 22. Nc1 Qg3 23. Ne2 Qg5 24. g4 fxg4 25. hxg4 hxg4 26. fxg4 Be6 27. Ng3 Qd5 28. Qh2 f6 29. Qh8+ Kf7 30. Rf1 Qxa2+ 31. Kc1 Qa1+ 32. Bb1 Rxc3+ 33. bxc3 Qxc3+ 34. Bc2 Qa3+ 35. Kd2 Qb4+ 36. Ke3 Qc3+ 37. Bd3 Bf5 38. gxf5 Re8+ 39. Ne4 Rxe4+ 40. Kxe4 Qd2 41. fxg6+ Ke8 42. Qh2 Qg5 43. Qb8+ Ke7 44. Qc7+ Ke6 45. Qf7+ Kd6 46. Rxf6+ 1-0

[Event "White Rook U14 Final 2019"]
[Site "Sochi"]
[Date "2019.06.07"]
[Round "6.10"]
[White "Usov, Aleksandr E."]
[Black "Grigoryan, Hayk V."]
[Result "1/2-1/2"]
[ECO "C07"]
[WhiteElo "1812"]
[BlackElo "1423"]
[Annotator "NA"]
[PlyCount "26"]
[EventDate "2019.06.02"]
[EventCountry "RUS"]
[SourceTitle "playchess.com"]
[Source "ChessBase"]
[SourceQuality "1"]
[TimeControl "5400+30"]

1. e4 e6 2. d4 d5 3. Nd2 c5 4. exd5 Qxd5 5. dxc5 Bxc5 6. Ngf3 Nf6 7. Bc4 Qd6 8. O-O O-O 9. c3 Bb6 10. Qc2 Bc7 11. Ne4 Nxe4 12. Qxe4 Nd7 13. Bg5 h6 1/2-1/2

[Event "White Rook U14 Final 2019"]
[Site "Sochi"]
[Date "2019.06.07"]
[Round "6.11"]
[White "Hovhannisyan, Artyom"]
[Black "Saikin, Ilia"]
[Result "0-1"]
[ECO "B15"]
[WhiteElo "1458"]
[BlackElo "1641"]
[Annotator "NA"]
[PlyCount "110"]
[EventDate "2019.06.02"]
[EventCountry "RUS"]
[SourceTitle "playchess.com"]
[Source "ChessBase"]
[SourceQuality "1"]
[TimeControl "5400+30"]

1. e4 c6 2. d4 d5 3. Nc3 dxe4 4. Nxe4 Nf6 5. Nxf6+ exf6 6. Nf3 Bd6 7. Be3 O-O 8. Bd3 Re8 9. Qd2 Be6 10. O-O Nd7 11. c4 Nf8 12. Rae1 Qb8 13. h3 Qc8 14. Bf4 Qc7 15. Bxd6 Qxd6 16. Re4 Ng6 17. Rfe1 Red8 18. b3 Qd7 19. c5 Bf5 20. R4e3 Bxd3 21. Rxd3 Qd5 22. Rde3 Rab8 23. Re4 h6 24. Nh4 Nxh4 25. Rxh4 Re8 26. Re3 Re6 27. Rg4 g5 28. Rgg3 Rbe8 29. Rgf3 f5 30. Rxe6 Rxe6 31. Re3 Kg7 32. Rxe6 fxe6 33. f4 Kf6 34. Kf2 Qe4 35. g3 Qh1 36. Qc3 Qh2+ 37. Ke1 Qg1+ 38. Ke2 Qg2+ 39. Ke1 Qe4+ 40. Kf2 gxf4 41. d5+ e5 42. d6 fxg3+ 43. Kxg3 f4+ 44. Kf2 Qd5 45. Kg1 b6 46. cxb6 axb6 47. Qb4 Qc5+ 48. Qxc5 bxc5 49. Kf2 e4 50. a4 Ke6 51. Ke2 Kxd6 52. Kf2 Kc7 53. Ke2 Kb6 54. Kd2 Ka5 55. Ke2 c4 0-1

[Event "White Rook U14 Final 2019"]
[Site "Sochi"]
[Date "2019.06.07"]
[Round "6.12"]
[White "Krupnova, Anna"]
[Black "Hakobyan, Astghik"]
[Result "0-1"]
[ECO "E12"]
[WhiteElo "1714"]
[BlackElo "1791"]
[Annotator "NA"]
[PlyCount "31"]
[EventDate "2019.06.02"]
[EventCountry "RUS"]
[SourceTitle "playchess.com"]
[Source "ChessBase"]
[SourceQuality "1"]
[TimeControl "5400+30"]

1. d4 Nf6 2. c4 e6 3. Nf3 b6 4. a3 Bb7 5. Bf4 d5 6. cxd5 Nxd5 7. Bg3 c5 8. Qc2 cxd4 9. Nxd4 Bc5 10. e3 Bxd4 11. Bb5+ Nd7 12. exd4 O-O 13. O-O N7f6 14. Bd3 Rc8 15. Qe2 Ne7 16. Rd1 0-1

[Event "White Rook U14 Final 2019"]
[Site "Sochi"]
[Date "2019.06.07"]
[Round "6.13"]
[White "Erastov, Semen"]
[Black "Kuzmin, Roman"]
[Result "1/2-1/2"]
[ECO "D93"]
[WhiteElo "2028"]
[BlackElo "2119"]
[Annotator "ChessBase"]
[PlyCount "31"]
[EventDate "2019.06.02"]
[EventCountry "RUS"]
[SourceTitle "playchess.com"]
[Source "ChessBase"]
[SourceQuality "1"]
[TimeControl "5400+30"]

1. d4 Nf6 2. c4 g6 3. Nc3 d5 4. Bf4 Bg7 5. e3 O-O 6. Nf3 c5 7. dxc5 Qa5 8. Rc1 Rd8 9. Qb3 Qxc5 10. Be2 Nc6 11. O-O dxc4 12. Bxc4 e6 13. Bb5 Bd7 14. Na4 Qe7 15. Nc5 Be8 16. Ne5 1/2-1/2

[Event "White Rook U14 Final 2019"]
[Site "Sochi"]
[Date "2019.06.07"]
[Round "6.14"]
[White "Pingin, Artem"]
[Black "Zhukov, Maksim"]
[Result "1/2-1/2"]
[ECO "B15"]
[WhiteElo "2108"]
[BlackElo "1986"]
[Annotator "ChessBase"]
[PlyCount "28"]
[EventDate "2019.06.02"]
[EventCountry "RUS"]
[SourceTitle "playchess.com"]
[Source "ChessBase"]
[SourceQuality "1"]
[TimeControl "5400+30"]

1. e4 c6 2. Nc3 d5 3. Nf3 g6 4. d4 Bg7 5. h3 e6 6. Bd3 Ne7 7. e5 c5 8. Nb5 O-O 9. c3 Qa5 10. dxc5 Nd7 11. b4 Qd8 12. Bf4 Nc6 13. Qe2 a5 14. Nbd4 axb4 1/2-1/2

[Event "White Rook U14 Final 2019"]
[Site "Sochi"]
[Date "2019.06.07"]
[Round "6.15"]
[White "Ermolaev, Ivan"]
[Black "Shirkunov, Alexandr"]
[Result "1/2-1/2"]
[ECO "B14"]
[WhiteElo "1776"]
[BlackElo "1557"]
[Annotator "NA"]
[PlyCount "72"]
[EventDate "2019.06.02"]
[EventCountry "RUS"]
[SourceTitle "playchess.com"]
[Source "ChessBase"]
[SourceQuality "1"]
[TimeControl "5400+30"]

1. e4 c6 2. d4 d5 3. exd5 cxd5 4. c4 Nf6 5. Nc3 g6 6. cxd5 Bg7 7. Nf3 O-O 8. Bc4 Nbd7 9. O-O Nb6 10. Bb3 Nfxd5 11. h3 Nxc3 12. bxc3 Qc7 13. Qd2 Bf5 14. Ba3 a5 15. Bc5 a4 16. Bxb6 Qxb6 17. Bc2 Bxc2 18. Qxc2 Rfc8 19. Rab1 Qc6 20. Rfc1 Bh6 21. Nd2 e6 22. Qd3 Qd5 23. c4 Qa5 24. Rc2 Bxd2 25. Rxd2 Rxc4 26. Qxc4 Qxd2 27. Rxb7 Qe1+ 28. Qf1 Qd2 29. Qc4 Qe1+ 30. Qf1 Qxf1+ 31. Kxf1 Rc8 32. Rb2 Rc4 33. Rd2 Rc3 34. Ke2 a3 35. Rd3 Rc2+ 36. Rd2 Rc3 1/2-1/2

[Event "White Rook U14 Final 2019"]
[Site "Sochi"]
[Date "2019.06.07"]
[Round "6.16"]
[White "Toledo Flores, Marianna"]
[Black "Kuzmina, Varvara"]
[Result "1/2-1/2"]
[ECO "A15"]
[WhiteElo "1530"]
[BlackElo "1190"]
[Annotator "NA RC"]
[PlyCount "23"]
[EventDate "2019.06.02"]
[EventCountry "RUS"]
[SourceTitle "playchess.com"]
[Source "ChessBase"]
[SourceQuality "1"]
[TimeControl "5400+30"]

1. Nf3 Nf6 2. c4 g6 3. b4 Bg7 4. Bb2 O-O 5. e3 d5 6. a3 Nbd7 7. Qc2 e6 8. Be2 b6 9. O-O Bb7 10. c5 c6 11. d4 b5 12. Nbd2 1/2-1/2

[Event "White Rook U14 Final 2019"]
[Site "Sochi"]
[Date "2019.06.07"]
[Round "6.17"]
[White "Mongush, Kezhik"]
[Black "Naumov, Igor"]
[Result "1/2-1/2"]
[ECO "D37"]
[WhiteElo "1824"]
[BlackElo "1800"]
[Annotator "NA"]
[PlyCount "59"]
[EventDate "2019.06.02"]
[EventCountry "RUS"]
[SourceTitle "playchess.com"]
[Source "ChessBase"]
[SourceQuality "1"]
[TimeControl "5400+30"]

1. d4 d5 2. c4 e6 3. Nc3 Be7 4. Nf3 Nf6 5. e3 O-O 6. Bd3 dxc4 7. Bxc4 Nbd7 8. O-O Nb6 {[%emt 0:02:52] D37: Queen's Gambit Declined: 5 Bf4} (8... c5 9. Qe2 a6 10. a4 Qc7 11. Rd1 Rd8 12. a5 b5 13. axb6 Nxb6 14. Bd3 Bb7 15. h3 cxd4 16. exd4 Nbd5 17. Nxd5 Nxd5 18. Ne5 Bf6 19. Bd2 Bxe5 20. dxe5 {½-½ (116) Melkumyan,H (2633)-Vajda,L (2597) Sydney 2014}) 9. Bd3 Nbd5 10. e4 Nxc3 11. bxc3 c5 12. Qe2 cxd4 $146 ({Predecessor:} 12... Qa5 13. Rb1 Rd8 14. Bf4 cxd4 15. cxd4 a6 16. Rfc1 {1-0 (32) Scheide,H (1924)-Keusch,H (2042) Rowy 2002}) 13. cxd4 g6 14. h3 b6 15. a4 Bb7 16. Bh6 Re8 17. Bb5 Nxe4 18. Bxe8 Qxe8 19. Rfc1 Rc8 20. Rxc8 Qxc8 21. Rc1 Qd8 22. Bf4 Nf6 23. Qe5 Nd5 24. Bg5 Ba6 25. Bxe7 Qxe7 26. Ng5 Bb7 27. Ne4 Qa3 28. Re1 Qb4 29. Nd6 $18 Bc6 30. Re2 1/2-1/2

[Event "White Rook U14 Final 2019"]
[Site "Sochi"]
[Date "2019.06.07"]
[Round "6.18"]
[White "Nasedkin, Arseny"]
[Black "Fomkin, Dmitry"]
[Result "0-1"]
[ECO "B33"]
[WhiteElo "1559"]
[BlackElo "1733"]
[Annotator "NA"]
[PlyCount "31"]
[EventDate "2019.06.02"]
[EventCountry "RUS"]
[SourceTitle "playchess.com"]
[Source "ChessBase"]
[SourceQuality "1"]
[TimeControl "5400+30"]

1. e4 c5 2. Nf3 d6 3. d4 cxd4 4. Nxd4 Nf6 5. Nc3 Nc6 6. f3 e5 7. Ndb5 a6 8. Na3 b5 9. Nd5 Nxd5 10. exd5 Nd4 11. c3 Nf5 12. Qc2 Qh4+ 13. Qf2 Qxf2+ 14. Kxf2 Bb7 15. c4 bxc4 16. Nxc4 0-1

[Event "White Rook U14 Final 2019"]
[Site "Sochi"]
[Date "2019.06.07"]
[Round "6.19"]
[White "Ponomarev, Andrey A."]
[Black "Noskov, Alexander"]
[Result "1/2-1/2"]
[ECO "B38"]
[WhiteElo "1919"]
[BlackElo "1782"]
[Annotator "NA"]
[PlyCount "117"]
[EventDate "2019.06.02"]
[EventCountry "RUS"]
[SourceTitle "playchess.com"]
[Source "ChessBase"]
[SourceQuality "1"]
[TimeControl "5400+30"]

1. e4 c5 2. Nf3 Nc6 3. d4 cxd4 4. Nxd4 g6 5. c4 Bg7 6. Be3 Nf6 7. Nc3 d6 8. Be2 Bd7 9. O-O O-O 10. Qd2 a6 11. b3 {[%emt 0:00:57] B38: Sicilian: Maroczy Bind with 5...Bg7 and 7...0-0} (11. f3 Rc8 12. Rac1 h5 13. Rfd1 Kh7 14. Nxc6 Bxc6 15. b4 Bd7 16. c5 Be6 17. Nd5 dxc5 18. bxc5 Bxd5 19. exd5 e6 20. dxe6 Qxd2 21. Rxd2 fxe6 {½-½ (60) Cheparinov,I (2696)-Mamedyarov,S (2731) Elista 2008}) 11... Rc8 12. Rac1 Ng4 13. Bxg4 Bxg4 14. f3 Bd7 15. Rfd1 Ne5 16. h3 Rb8 $146 ({Predecessor:} 16... Bc6 17. f4 Nd7 18. e5 Nc5 19. Nxc6 Rxc6 20. Bxc5 Rxc5 21. exd6 exd6 22. Qxd6 Qxd6 23. Rxd6 Bxc3 24. Rxc3 {1-0 (35) Hess,C (2305)-Lange,C (2065) Nuremberg 2004}) 17. f4 Nc6 18. Nf3 Rc8 19. e5 Bf5 20. exd6 exd6 21. Qxd6 Qxd6 22. Rxd6 Rcd8 23. Rxd8 Rxd8 24. Nd5 Be4 25. Rd1 Bxd5 26. Rxd5 Rxd5 27. cxd5 Nb4 28. d6 Bf6 29. a3 Nd5 30. Bd2 Bd8 31. Kf1 Nf6 32. a4 Ne4 33. Bb4 a5 34. Ba3 f6 35. Ke2 Kf7 36. Ke3 Ng3 37. Nd2 Ke6 38. Nc4 Nf5+ 39. Kd3 Nh4 (39... h5 $16) 40. g3 (40. g4 $18) 40... Nf5 41. g4 Nh4 $2 (41... Ng3 $16 {might work better.} 42. Nd2 f5) 42. Bc1 Nf3 43. Ke4 Ng1 44. f5+ gxf5+ 45. gxf5+ Kd7 46. h4 Ne2 47. Bd2 b6 $18 48. Be3 Kc6 49. Bd2 Kc5 50. Be3+ Kc6 51. Kd3 Ng3 52. d7 Nxf5 53. Bxb6 Kxd7 54. Bxd8 Kxd8 55. Nxa5 Nxh4 56. Nc6+ Kc7 57. Nd4 Kb6 58. b4 Ng6 59. Ke4 1/2-1/2

[Event "White Rook U14 Final 2019"]
[Site "Sochi"]
[Date "2019.06.07"]
[Round "6.20"]
[White "Suslenkova, Elvira"]
[Black "Namay, Viktoria"]
[Result "0-1"]
[ECO "A07"]
[WhiteElo "1359"]
[BlackElo "1359"]
[Annotator "NA"]
[PlyCount "40"]
[EventDate "2019.06.02"]
[EventCountry "RUS"]
[SourceTitle "playchess.com"]
[Source "ChessBase"]
[SourceQuality "1"]
[TimeControl "5400+30"]

1. Nf3 d5 2. g3 Nf6 3. Bg2 c6 4. O-O Bg4 5. d3 Nbd7 6. Nbd2 e5 7. c4 Bd6 8. b3 O-O 9. Bb2 Re8 10. Re1 e4 11. dxe4 dxe4 12. Nd4 e3 13. N2f3 exf2+ 14. Kxf2 Qe7 15. Qd3 Bb4 16. Red1 Nc5 17. Qc2 Qe3+ 18. Kf1 Nfe4 19. Qxe4 Nxe4 20. Bh3 Qf2# 0-1

[Event "White Rook U14 Final 2019"]
[Site "Sochi"]
[Date "2019.06.07"]
[Round "6.21"]
[White "Voloshkin, Daniil"]
[Black "Deminov, Ilya"]
[Result "0-1"]
[ECO "B25"]
[WhiteElo "1557"]
[BlackElo "1562"]
[Annotator "NA"]
[PlyCount "122"]
[EventDate "2019.06.02"]
[EventCountry "RUS"]
[SourceTitle "playchess.com"]
[Source "ChessBase"]
[SourceQuality "1"]
[TimeControl "5400+30"]

1. e4 c5 2. Nc3 Nc6 3. g3 g6 4. Bg2 Bg7 5. d3 d6 6. f4 e6 7. Nf3 Nge7 8. Be3 Rb8 9. O-O O-O 10. Qd2 Nd4 11. Nd1 b5 12. c3 Nxf3+ 13. Bxf3 Bb7 14. d4 cxd4 15. cxd4 f5 16. e5 Bxf3 17. Rxf3 dxe5 18. dxe5 Qxd2 19. Bxd2 Nd5 20. Nc3 Rfd8 21. a3 Bf8 22. Kf2 Nb4 23. Be3 Nc2 24. Rc1 Nxe3 25. Kxe3 b4 26. axb4 Rxb4 27. Rc2 h6 28. Rf1 g5 29. Rd1 gxf4+ 30. gxf4 Bc5+ 31. Kf3 Rdd4 32. Rxd4 Bxd4 33. Rd2 Bb6 34. Na2 Rb3+ 35. Nc3 Kf8 36. Ke2 Ke7 37. Kd1 Rb4 38. Ne2 Be3 39. Rc2 Kd7 40. Rc3 Bxf4 41. Rd3+ Ke7 42. Nxf4 Rxf4 43. Ra3 Rd4+ 44. Kc2 Rh4 45. Rxa7+ Kd8 46. h3 Rxh3 47. b4 h5 48. Ra6 Kd7 49. b5 Re3 50. Ra7+ Kc8 51. Rh7 Rxe5 52. Rxh5 Rxb5 53. Kd3 Kd7 54. Rh7+ Kd6 55. Ra7 Ke5 56. Ra4 Rb3+ 57. Ke2 f4 58. Ra5+ Ke4 59. Ra4+ Kf5 60. Ra5+ e5 61. Rc5 Rb4 0-1

[Event "White Rook U14 Final 2019"]
[Site "Sochi"]
[Date "2019.06.07"]
[Round "6.24"]
[White "Deminova, Maria"]
[Black "Golikova, Alisa"]
[Result "0-1"]
[ECO "B34"]
[WhiteElo "1737"]
[BlackElo "1252"]
[Annotator "NA"]
[PlyCount "21"]
[EventDate "2019.06.02"]
[EventCountry "RUS"]
[SourceTitle "playchess.com"]
[Source "ChessBase"]
[SourceQuality "1"]
[TimeControl "5400+30"]

1. e4 c5 2. Nf3 Nc6 3. d4 cxd4 4. Nxd4 g6 5. Nc3 Bg7 6. Be3 Nf6 7. Be2 Qa5 8. O-O O-O 9. f4 d6 10. Bf3 Bd7 11. g4 0-1

[Event "White Rook U14 Final 2019"]
[Site "Sochi"]
[Date "2019.06.07"]
[Round "6.25"]
[White "Bobokulov, Bakhrom"]
[Black "Morozov, Gennady"]
[Result "1/2-1/2"]
[ECO "C01"]
[WhiteElo "1512"]
[BlackElo "1997"]
[Annotator "NA"]
[PlyCount "91"]
[EventDate "2019.06.02"]
[EventCountry "RUS"]
[SourceTitle "playchess.com"]
[Source "ChessBase"]
[SourceQuality "1"]
[TimeControl "5400+30"]

1. e4 e6 2. d4 d5 3. exd5 exd5 4. c3 Bd6 5. Bd3 Ne7 6. Nf3 O-O 7. Bg5 f6 8. Bh4 Bf5 9. Bg3 Bxd3 10. Qxd3 Ng6 11. O-O Nf4 12. Bxf4 Bxf4 13. Qf5 Qd6 14. Na3 c6 15. Rfe1 Na6 16. g3 Bh6 17. Qe6+ Qxe6 18. Rxe6 Rfe8 19. Rxe8+ Rxe8 20. Re1 Re4 21. Nc2 Kf7 22. Kg2 g6 23. Ng1 c5 24. f3 Rxe1 25. Nxe1 cxd4 26. cxd4 Nb4 27. a3 Bd2 28. axb4 Bxe1 29. b5 Bd2 30. Kf2 Ke6 31. Ke2 Bc1 32. b3 Kd6 33. Kd3 h5 34. f4 Ke6 35. b4 Ba3 36. Kc3 Bc1 37. Kd3 Ba3 38. Kc3 Kf5 39. Ne2 Ke4 40. Kb3 Kd3 41. Nc3 Kxd4 42. Na2 Kd3 43. Nc3 a6 44. b6 Kd4 45. b5 Kd3 46. Ne2 1/2-1/2

[Event "White Rook U14 Final 2019"]
[Site "Sochi"]
[Date "2019.06.07"]
[Round "6.26"]
[White "Ermakov, Maksim"]
[Black "Kholmamatov, Islombek"]
[Result "1-0"]
[ECO "D35"]
[WhiteElo "1623"]
[BlackElo "1608"]
[Annotator "NA"]
[PlyCount "32"]
[EventDate "2019.06.02"]
[EventCountry "RUS"]
[SourceTitle "playchess.com"]
[Source "ChessBase"]
[SourceQuality "1"]
[TimeControl "5400+30"]

1. d4 d5 2. c4 e6 3. Nc3 Nf6 4. cxd5 exd5 5. Bg5 c6 6. e3 Bf5 7. Qb3 b6 8. Nf3 Bd6 9. Be2 Nbd7 10. O-O h6 11. Bh4 O-O 12. Rac1 b5 13. Bg3 Bxg3 14. hxg3 Rc8 15. Nd2 a5 16. Rfe1 Re8 1-0

[Event "White Rook U14 Final 2019"]
[Site "Sochi"]
[Date "2019.06.07"]
[Round "6.28"]
[White "Korovina, Yana"]
[Black "Aktamova, Zilola"]
[Result "1-0"]
[ECO "C47"]
[WhiteElo "1672"]
[BlackElo "1385"]
[Annotator "NA"]
[PlyCount "43"]
[EventDate "2019.06.02"]
[EventCountry "RUS"]
[SourceTitle "playchess.com"]
[Source "ChessBase"]
[SourceQuality "1"]
[TimeControl "5400+30"]

1. e4 e5 2. Nc3 Nc6 3. Nf3 Nf6 4. Be2 Bc5 5. Nxe5 Nxe5 6. d4 Bxd4 7. Qxd4 Nc6 8. Qd1 d6 9. O-O O-O 10. Bg5 h6 11. Bh4 Re8 12. f3 Be6 13. f4 Kh8 14. f5 Bd7 15. Nd5 Rxe4 16. Bxf6 gxf6 17. Bd3 Re5 18. Qh5 Kg7 19. Nf4 Ne7 20. Qg4+ Kh7 21. Nh5 Ng6 22. fxg6+ 1-0

[Event "White Rook U14 Final 2019"]
[Site "Sochi"]
[Date "2019.06.07"]
[Round "6.30"]
[White "Seregin, Ignat"]
[Black "Springis, Jevgenijs"]
[Result "0-1"]
[ECO "B07"]
[WhiteElo "1687"]
[BlackElo "1632"]
[Annotator "NA"]
[PlyCount "21"]
[EventDate "2019.06.02"]
[EventCountry "RUS"]
[SourceTitle "playchess.com"]
[Source "ChessBase"]
[SourceQuality "1"]
[TimeControl "5400+30"]

1. e4 d6 2. d4 Nf6 3. Nc3 g6 4. Be3 Bg7 5. Qd2 O-O 6. Bh6 e5 7. Bxg7 Kxg7 8. dxe5 dxe5 9. O-O-O Qxd2+ 10. Rxd2 Be6 11. Nf3 0-1

[Event "White Rook U14 Final 2019"]
[Site "Sochi"]
[Date "2019.06.07"]
[Round "6.31"]
[White "Sergejevs, Germans"]
[Black "Mugenov, Vadim"]
[Result "0-1"]
[ECO "B50"]
[WhiteElo "1111"]
[BlackElo "1329"]
[Annotator "NA"]
[PlyCount "70"]
[EventDate "2019.06.02"]
[EventCountry "RUS"]
[SourceTitle "playchess.com"]
[Source "ChessBase"]
[SourceQuality "1"]
[TimeControl "5400+30"]

1. e4 c5 2. Nf3 d6 3. Nc3 Nf6 4. Bc4 e6 5. O-O Be7 6. d3 O-O 7. Bg5 a6 8. a4 b6 9. e5 dxe5 10. Nxe5 Qc7 11. Nf3 Bb7 12. Ne2 Nc6 13. Ng3 h6 14. Be3 Rfd8 15. Re1 Nd5 16. Bxd5 exd5 17. Qd2 Bf6 18. Rad1 Qd7 19. Nh5 Qf5 20. Nxf6+ Qxf6 21. b3 Rac8 22. h3 Ne7 23. b4 d4 24. Bf4 Ng6 25. Bg3 Bxf3 26. gxf3 Qxf3 27. bxc5 Rxc5 28. Qe2 Qc6 29. Rc1 Rg5 30. Ra1 h5 31. Kh2 h4 32. Qd2 Rc5 33. Bf4 Rxc2 34. Rec1 Rxd2 35. Rxc6 Nxf4 0-1

[Event "White Rook U14 Final 2019"]
[Site "Sochi"]
[Date "2019.06.07"]
[Round "6.32"]
[White "Mkrtchian, Anait"]
[Black "Sergejeva, Sofija"]
[Result "0-1"]
[ECO "C02"]
[WhiteElo "1165"]
[BlackElo "1423"]
[Annotator "NA"]
[PlyCount "73"]
[EventDate "2019.06.02"]
[EventCountry "RUS"]
[SourceTitle "playchess.com"]
[Source "ChessBase"]
[SourceQuality "1"]
[TimeControl "5400+30"]

1. e4 e6 2. d4 d5 3. e5 c5 4. c3 Nc6 5. Nf3 Qb6 6. a3 a5 7. Bd3 h6 8. Bc2 c4 9. Nbd2 Qa6 10. b3 b5 11. bxc4 dxc4 12. Be4 Nge7 13. Nf1 Nd5 14. Bxd5 exd5 15. Ne3 Be6 16. Bd2 Be7 17. Qc2 O-O 18. g4 Rfb8 19. h4 g6 20. h5 g5 21. Nf5 Bxf5 22. gxf5 f6 23. e6 Qb6 24. Rg1 b4 25. Rb1 Qc7 26. axb4 axb4 27. cxb4 Bxb4 28. Bxb4 Nxb4 29. Qd1 Nd3+ 30. Kf1 Qf4 31. Rg3 Nxf2 32. Rxb8+ Rxb8 33. Qa4 Qxg3 34. Qd7 Rb1+ 35. Ke2 Rb2+ 36. Ke1 Nd3+ 37. Kf1 0-1